 Dungeon Crawl Stone Soup version 0.27-a0-1325-g58a489ad9e (webtiles) character file.

Game seed: 1125936595080397868

42 freelancePsychic the Skirmisher (level 3, -1/29 HPs)
             Began as a Demonspawn Warper on June 24, 2021.
             Slain by an adder (2 damage)
             ... on level 2 of the Dungeon.
             The game lasted 00:01:56 (1901 turns).

freelancePsychic the Skirmisher (Demonspawn Warper) Turns: 1901, Time: 00:01:57

Health: -1/29      AC:  3    Str: 12    XL:     3   Next: 33%
Magic:  6/6        EV: 11    Int: 14    God:
Gold:   17         SH:  0    Dex: 12    Spells: 6/6 levels left

rFire    . . .     SeeInvis .   a - +0 mace
rCold    . . .     Faith    .   (no shield)
rNeg     . . .     Spirit   .   b - +0 leather armour
rPois    .         Reflect  .   (helmet restricted)
rElec    .         Harm     .   (no cloak)
rCorr    .         Rampage  .   (no gloves)
Will     .....                  (no boots)
Stlth    +.........             (no amulet)
HPRegen  0.09/turn              (no ring)
MPRegen  0.10/turn              (no ring)

@: lethally poisoned (-1 -> -6)
A: horns 1, powered by pain 1
a: no special abilities


You were on level 2 of the Dungeon.
You visited 1 branch of the dungeon, and saw 2 of its levels.

You collected 17 gold pieces.

Inventory:

Hand Weapons
 a - a +0 mace (weapon)
Missiles
 d - 3 boomerangs of dispersal (quivered)
Armour
 b - a +0 leather armour (worn)
Scrolls
 c - a scroll of blinking
 f - a scroll of enchant armour {unknown}
 g - 2 scrolls of teleportation {@r4}
 h - a scroll of identify {unknown}
Potions
 e - a potion of magic {unknown}


   Skills:
 + Level 3.0 Fighting
 + Level 2.7 Maces & Flails
 - Level 0.8 Throwing
 - Level 0.8 Armour
 - Level 1.7 Dodging
 - Level 2.0 Spellcasting
 - Level 2.6 Translocations


You had 6 spell levels left.
You didn't know any spells.
Your spell library contained the following spells:

 Spells                   Type           Power      Damage    Failure   Level
 Blink                    Tloc           N/A        N/A       16%         2
 Gell's Gravitas          Tloc           4%         N/A       30%         3
 Lesser Beckoning         Tloc           4%         N/A       30%         3
 Teleport Other           Tloc           8%         N/A       30%         3
 Manifold Assault         Tloc           8%         N/A       95%         5


Dungeon Overview and Level Annotations

Branches:
Dungeon (2/15)

Altars:

Shops:
D:2 *?


Innate Abilities, Weirdness & Mutations

You have a pair of small horns on your head.
You sometimes gain a little power by taking damage.


Message History

You feel sick. The adder bites you. x2
You are too injured to fight recklessly!
You are too injured to fight recklessly!
You are too injured to fight recklessly!
You are too injured to fight recklessly!
You are too injured to fight recklessly!
You are too injured to fight recklessly!
You are too injured to fight recklessly!
You are too injured to fight recklessly!
You are too injured to fight recklessly!
You are too injured to fight recklessly!
You are too injured to fight recklessly!
You are too injured to fight recklessly!
You are too injured to fight recklessly!
You are too injured to fight recklessly!
You are too injured to fight recklessly!
You are too injured to fight recklessly!
You are too injured to fight recklessly!
You are too injured to fight recklessly!
You miss the adder.
You feel sick. The adder bites you.
You are more poisoned.
The adder poisons you! The adder closely misses you.
You barely miss the adder. You headbutt the adder.
The adder is lightly wounded.
You feel sick. The adder closely misses you.
You hit the adder.
The adder is heavily wounded.
You feel sick. The adder bites you but does no damage. The adder bites you.
You are lethally poisoned!
The adder poisons you!
You miss the adder.
The adder is heavily wounded.
* * * LOW HITPOINT WARNING * * *
You feel sick. The adder barely misses you. The adder bites you.
* * * LOW HITPOINT WARNING * * *
You hit the adder.
The adder is severely wounded.
* * * LOW HITPOINT WARNING * * *
You feel sick. The adder bites you.
You die...

....#####..
..#.........######
...#...............
...............$$$.#
................$∩$.#
.........#......$$$.##
......#...............
........##....@S..).#
..............<.....#
#.........###........
####.....[......###...
#.....[.........####..
..######............ .
##............
#..#.##.>#...#
#..#.........


You could see an adder.

Vanquished Creatures
  An adder (D:2)
  A dart slug (D:1)
  4 bats
  2 endoplasms (D:1)
  2 goblins (D:1)
  2 hobgoblins
  4 jackals (D:1)
  3 kobolds
  A quokka (D:1)
  4 ball pythons (D:1)
  4 frilled lizards
  2 rats
30 creatures vanquished.

Notes
Turn   | Place    | Note
-------+----------+-------------------------------------------
     0 | D:1      | freelancePsychic the Demonspawn Warper began the quest for
                  | the Orb.
     0 | D:1      | Reached XP level 1. HP: 16/16 MP: 3/3
   431 | D:1      | Gained mutation: You sometimes gain a little power by
                  | taking damage. [demonic ancestry]
   431 | D:1      | Reached XP level 2. HP: 23/23 MP: 5/5
   668 | D:1      | Found a faded altar of an unknown god.
  1756 | D:2      | Gained mutation: You have a pair of small horns on your
                  | head. [demonic ancestry]
  1756 | D:2      | Reached XP level 3. HP: 23/28 MP: 6/6
  1759 | D:2      | Found Woyn's Assorted Antiques.
  1774 | D:2      | Reached skill level 3 in Fighting
  1889 | D:2      | Found Guosar's Magic Scroll Emporium.
  1901 | D:2      | HP: 1/29 [poisoned by an adder]
  1901 | D:2      | Slain by an adder

Illustrated notes

Levels and vault maps discovered:
D:1:      eino_arrival_water_star, layout_basic,
          shapermc_ecumenical_altar_mp_highgroup
D:2:      layout_rooms, serial_shops, shop_statue, shop_coins, shop_statue,
          moated_statue

Skill      XL: |  1  2  3 |
---------------+----------+-----
Maces & Flails | 2 |  2.7
Fighting       | 3 |  3.0
Throwing       | |  0.8
Armour         | |  0.8
Dodging        | |  1.7
Spellcasting   | |  2.0
Translocations | |  2.6

Action                   || total
-------------------------++-------
Melee: Mace              ||   101
       Headbutt          ||     6
Throw: Boomerang         ||     2
  Use: Scroll            ||     1
Armor: Leather armour    ||    43
Dodge: Dodged            ||    93

Table legend: (Time is in decaauts)
 A = Elapsed time spent in this place.
 B = Non-inter-level travel time spent in this place.
 C = Inter-level travel time spent in this place.
 D = Time resting spent in this place.
 E = Time spent auto-exploring this place.
 F = Levels seen in this place.
 G = Mean time per level.
                   A        B        C        D        E       F      G
               +--------+--------+--------+--------+--------+-----+--------+
         Total |   1932 |   1851 |     81 |    166 |   1434 |   2 |  966.0 |
       Dungeon |   1932 |   1851 |     81 |    166 |   1434 |   2 |  966.0 |
               +--------+--------+--------+--------+--------+-----+--------+

Top non-repeatable levels by time:
     D:1: 1758 daAuts
     D:2: 173 daAuts
